Map: [ESL] Gresvan

Players

StarNaN

  • Race: Protoss Protoss
  • Spawn Location: 5:00

Zain - Winner!

  • Race: Protoss Protoss
  • League: Diamond
  • Spawn Location: 11:00

Event: ESL SC2 Masters 2023 Summer (Finals)

VOD

Have the link to the VOD?

Description

Time

  • Played on: June 16, 2023, 5:27 a.m.
  • Length: 4:55

All games in this series

Show
View Real Time Build Order
Export as new Build Order

StarNaN Protoss 

Build Orders: Oracle Opening, Phoenix Opening 

Get SALT Encoding   

  12  0:00  Probe  
  13  0:12  Probe  
  14  0:21  Pylon  
  14  0:24  Probe  
  15  0:39  Probe (Chrono Boost)  
  15  0:41  Gateway  
  16  0:48  Probe (Chrono Boost), Assimilator  
  17  0:53  Probe (Chrono Boost)  
  18  1:05  Probe  
  19  1:17  Probe (Chrono Boost)  
  20  1:25  Assimilator  
  20  1:28  Pylon  
  20  1:29  Probe (Chrono Boost)  
  20  1:31  Cybernetics Core  
  21  1:34  Probe (Chrono Boost)  
  22  1:43  Probe  
  23  1:47  Zealot  
  25  1:55  Probe  
  26  2:08  Probe  
  27  2:10  Stargate  
  27  2:14  Adept  
  29  2:18  Pylon  
  29  2:22  Pylon  
  29  2:24  Warp Gate  
  28  2:44  Nexus, Stalker  
  30  2:53  Oracle (Chrono Boost)  
  33  3:03  Shield Battery  
  33  3:06  Probe  
  33  3:10  Shield Battery  
  34  3:16  Shield Battery  
  34  3:23  Phoenix (Chrono Boost)  
  36  3:31  Pylon  
  34  3:37  Stalker  
  34  3:42  Probe  
  33  3:55  Probe  
  31  3:56  Shield Battery  
  30  4:07  Probe  
  31  4:19  Probe  
  31  4:21  Shield Battery  
  31  4:22  Stalker  
  31  4:31  Probe  
  32  4:38  Gateway  
  32  4:43  Probe  
Show
View Real Time Build Order
Export as new Build Order

Zain Protoss - Winner!

Build Orders:  

Get SALT Encoding   

  12  0:00  Probe  
  13  0:12  Probe  
  14  0:17  Pylon  
  14  0:24  Probe (Chrono Boost)  
  15  0:36  Probe (Chrono Boost)  
  15  0:37  Gateway  
  16  0:44  Probe (Chrono Boost)  
  16  0:45  Assimilator  
  17  0:50  Probe  
  18  0:58  Assimilator  
  18  1:03  Probe (Chrono Boost)  
  19  1:08  Gateway  
  19  1:13  Probe (Chrono Boost)  
  19  1:18  Probe (Chrono Boost)  
  20  1:24  Cybernetics Core  
  21  1:29  Probe  
  22  1:39  Pylon  
  22  1:41  Probe  
  23  1:50  Pylon  
  23  1:57  Probe  
  23  2:01  Warp Gate, Stalker  
  26  2:02  Stalker  
  28  2:09  Probe  
  29  2:16  Pylon  
  29  2:31  Stalker  
  29  2:33  Stalker  
  33  2:53  Nexus  
  33  2:56  Probe  
  34  3:08  Shield Battery  
  34  3:18  Probe  
  35  3:24  Twilight Council  
  35  3:37  Probe  
  34  3:49  Probe  
  34  3:51  Stalker x2  
  39  4:05  Probe  
  39  4:07  Probe  
  41  4:17  Probe  
  41  4:19  Probe  
  43  4:24  Stalker x2  
  43  4:26  Shield Battery  
  43  4:29  Probe  
  43  4:31  Probe  
  47  4:41  Probe  
  47  4:42  Gateway  
  47  4:43  Probe  
Tags
 
Add a new tag
Caveats
  • Supply blocks, unpowered buildings, or Contaminate may cause inaccurate times.
  • Supply counts are checked every 10 seconds.